 Dungeon Crawl Stone Soup version 0.26.1-11-gd32895ea62 (webtiles) character file.

Game seed: 17209836272003040009

643 Almogavar the Ducker (level 7, -1/56 HPs)
             Began as a Gnoll Wanderer on May 7, 2021.
             Slain by Duvessa
             ... wielding a +0 rapier
              (14 damage)
             ... on level 4 of the Dungeon.
             The game lasted 00:09:08 (4217 turns).

Almogavar the Ducker (Gnoll Wanderer)               Turns: 4217, Time: 00:09:08

Health: -1/56      AC:  8    Str: 15    XL:     7   Next: 51%
Magic:  10/10      EV: 14    Int: 12    God:
Gold:   252        SH:  0    Dex: 18    Spells: 10/11 levels left

rFire    . . .     SeeInvis .   u - +5 dire flail (vorpal)
rCold    . . .     Faith    .   (shield currently unavailable)
rNeg     . . .     Spirit   .   e - +3 ring mail
rPois    .         Reflect  .   (no helmet)
rElec    .         Harm     .   (no cloak)
rCorr    .         Rampage  .   (no gloves)
Will     .....                  (no boots)
Stlth    +.........             (no amulet)
HPRegen  0.18/turn              (no ring)
MPRegen  0.12/turn              (no ring)

@: glowing
A: distributed training, fangs 1, strong nose
a: no special abilities


You were on level 4 of the Dungeon.
You visited 1 branch of the dungeon, and saw 4 of its levels.

You collected 252 gold pieces.

Inventory:

Hand Weapons
 l - a +3 dagger
 u - a +5 vorpal dire flail (weapon)
Missiles
 c - 188 stones
 o - 4 boomerangs
 w - 22 bolts
Armour
 e - a +3 ring mail (worn)
 k - a +0 kite shield
Jewellery
 j - an uncursed ring of flight
Wands
 t - a wand of digging (4)
Scrolls
 d - a scroll of remove curse
 f - 3 scrolls of magic mapping
 g - a scroll of fog
 m - 2 scrolls of fear {unknown}
 p - a scroll of enchant armour {unknown}
 q - a scroll of noise {unknown}
 s - a scroll of teleportation {unknown}
 v - a scroll of enchant weapon {unknown}
Potions
 a - a potion of flight
 b - 2 potions of curing
 h - a potion of might
 i - a potion of invisibility
 n - a potion of mutation {unknown}
 r - 2 potions of brilliance {unknown}


   Skills:
 + Level 5.2 Fighting
 + Level 2.5 Short Blades
 + Level 2.5 Long Blades
 + Level 2.5 Axes
 + Level 2.5 Maces & Flails
 + Level 2.5 Polearms
 + Level 2.5 Staves
 + Level 2.5 Slings
 + Level 2.5 Bows
 + Level 2.5 Crossbows
 + Level 3.6 Throwing
 + Level 2.5 Armour
 + Level 5.2 Dodging
 + Level 3.5 Stealth
 + Level 3.6 Shields
 + Level 2.5 Unarmed Combat
 + Level 2.5 Spellcasting
 + Level 2.0 Conjurations
 + Level 2.0 Hexes
 + Level 2.0 Summonings
 + Level 2.0 Necromancy
 + Level 3.0 Translocations
 + Level 2.0 Transmutations
 + Level 2.0 Fire Magic
 + Level 2.0 Ice Magic
 + Level 2.0 Air Magic
 + Level 2.0 Earth Magic
 + Level 4.3 Poison Magic
 + Level 2.8 Invocations
 + Level 2.5 Evocations


You had 10 spell levels left.
You knew the following spells:

 Your Spells              Type           Power        Failure   Level
a - Apportation           Tloc           16%          14%         1

Your spell library contained the following spells:

 Spells                   Type           Power        Failure   Level
 Portal Projectile        Hex/Tloc       14%          45%         3


Dungeon Overview and Level Annotations

Branches:
Dungeon (4/15)
 Temple: D:4-7

Altars:
Gozag
Ru
Yredelemnul

Annotations:
D:4 Duvessa


Innate Abilities, Weirdness & Mutations

Your experience applies equally to all skills.
You have very sharp teeth.
Your uncanny sense of smell can sniff out nearby items.


Message History

You barely miss Duvessa. Duvessa hits you with a +0 rapier. x2
You barely miss Duvessa. Duvessa hits you with a +0 rapier!
You are too injured to fight recklessly!
You are too injured to fight recklessly!
You completely miss Duvessa. Duvessa completely misses you.
Duvessa hits you with a +0 rapier!
* * * LOW HITPOINT WARNING * * *
Unknown command.
You feel better. Duvessa hits you but does no damage.
Duvessa rages.
Duvessa barely misses you. Duvessa misses you.
Duvessa hits you with a +0 rapier!
* * * LOW HITPOINT WARNING * * *
You hear a shout!
You hear a shout!
Duvessa hits you with a +0 rapier.
* * * LOW HITPOINT WARNING * * *
You feel better. Duvessa hits you with a +0 rapier!
You die...

##.#.##.#.#.#.##.......#..
##.#.##.#.#.##..#........
##.#.##.#.##..###.†.....
##.#.##.###..# #...##..
##.#.###.#.####.......
###...#.##.##.........
#....##....##.......##
#....##.......#......#
#...e@...###....#....#
###.......# #...####..#
###.#.......# ###.# ####
##.#.......#.# ..#
#....##......# #
##............#
#...###.#...## ##).#
##.....# #... ....##


You could see Duvessa (berserk).

Vanquished Creatures
  Edmund (D:4)
  A phantom (D:4)
  A scorpion (D:4)
  Dowan (D:4)
  An orc priest (D:3)
  A centaur skeleton (D:4)
  2 orc wizards (D:3)
  2 worker ants (D:4)
  A hound skeleton (D:4)
  5 adders
  A worm (D:4)
  4 dart slugs
  3 leopard geckos
  18 orcs
  6 bats
  4 giant cockroaches
  8 hobgoblins
  2 quokkas (D:3)
  4 ball pythons
  8 frilled lizards
  6 goblins
  13 kobolds
  11 rats
104 creatures vanquished.

Notes
Turn   | Place    | Note
-------+----------+-------------------------------------------
     0 | D:1      | Almogavar the Gnoll Wanderer began the quest for the Orb.
     0 | D:1      | Almogavar set off with the following items: a +0 dagger, a
                  | potion of curing, a +2 leather armour; and the following
                  | spell memorised: Apportation; and the following spells
                  | available to memorise: Portal Projectile
     0 | D:1      | Reached XP level 1. HP: 20/20 MP: 1/1
   314 | D:1      | Reached XP level 2. HP: 26/26 MP: 2/2
   696 | D:1      | Reached XP level 3. HP: 31/31 MP: 3/3
  1283 | D:2      | Reached skill level 1 in Invocations
  1334 | D:2      | Reached skill level 1 in Short Blades
  1334 | D:2      | Reached skill level 1 in Long Blades
  1334 | D:2      | Reached skill level 1 in Axes
  1334 | D:2      | Reached skill level 1 in Maces & Flails
  1334 | D:2      | Reached skill level 1 in Polearms
  1334 | D:2      | Reached skill level 1 in Staves
  1334 | D:2      | Reached skill level 1 in Slings
  1334 | D:2      | Reached skill level 1 in Bows
  1334 | D:2      | Reached skill level 1 in Crossbows
  1334 | D:2      | Reached skill level 1 in Armour
  1334 | D:2      | Reached skill level 1 in Unarmed Combat
  1334 | D:2      | Reached skill level 1 in Spellcasting
  1334 | D:2      | Reached skill level 1 in Evocations
  1408 | D:2      | Reached XP level 4. HP: 38/38 MP: 5/5
  1545 | D:2      | Found an opulent altar of Gozag.
  2340 | D:3      | Reached skill level 1 in Conjurations
  2340 | D:3      | Reached skill level 1 in Hexes
  2340 | D:3      | Reached skill level 1 in Summonings
  2340 | D:3      | Reached skill level 1 in Necromancy
  2340 | D:3      | Reached skill level 1 in Transmutations
  2340 | D:3      | Reached skill level 1 in Fire Magic
  2340 | D:3      | Reached skill level 1 in Ice Magic
  2340 | D:3      | Reached skill level 1 in Air Magic
  2340 | D:3      | Reached skill level 1 in Earth Magic
  2496 | D:3      | Reached XP level 5. HP: 36/43 MP: 6/6
  2967 | D:3      | Reached XP level 6. HP: 50/50 MP: 8/8
  3208 | D:3      | Found a sacrificial altar of Ru.
  3208 | D:3      | Found a basalt altar of Yredelemnul.
  3421 | D:4      | Noticed Edmund
  3433 | D:4      | Killed Edmund
  3434 | D:4      | Reached skill level 5 in Fighting
  3434 | D:4      | Reached skill level 5 in Dodging
  3805 | D:4      | Noticed a phantom
  3815 | D:4      | Reached XP level 7. HP: 48/56 MP: 10/10
  4197 | D:4      | Noticed Dowan
  4197 | D:4      | Noticed Duvessa
  4205 | D:4      | Killed Dowan
  4217 | D:4      | Slain by Duvessa

Illustrated notes

Levels and vault maps discovered:
D:1:      minmay_arrival_shattered_statue, layout_loops_ring,
          minmay_misc_feat_more_columns
D:2:      layout_rooms, overflow_temple_1_default, nrook_mini_vaults,
          fountainhead, patterned_corridor
D:3:      layout_loops_ring, gammafunk_temple_overflow_pools
D:4:      minmay_inner_zag, layout_cave_pools, uniq_duvessa, uniq_edmund

Skill      XL: |  1  2  3  4  5  6  7 |
---------------+----------------------+-----
Translocations | 2 3 |  3.0
Invocations    | 1 2 |  2.8
Short Blades   | 1 2 |  2.5
Long Blades    | 1 2 |  2.5
Axes           | 1 2 |  2.5
Maces & Flails | 1 2 |  2.5
Polearms       | 1 2 |  2.5
Staves         | 1 2 |  2.5
Slings         | 1 2 |  2.5
Bows           | 1 2 |  2.5
Crossbows      | 1 2 |  2.5
Armour         | 1 2 |  2.5
Unarmed Combat | 1 2 |  2.5
Spellcasting   | 1 2 |  2.5
Evocations     | 1 2 |  2.5
Conjurations   | 1 2 |  2.0
Hexes          | 1 2 |  2.0
Summonings     | 1 2 |  2.0
Necromancy     | 1 2 |  2.0
Transmutations | 1 2 |  2.0
Fire Magic     | 1 2 |  2.0
Ice Magic      | 1 2 |  2.0
Air Magic      | 1 2 |  2.0
Earth Magic    | 1 2 |  2.0
Throwing       | 3 |  3.6
Shields        | 3 |  3.6
Poison Magic   | 4 |  4.3
Stealth        | 3 |  3.5
Fighting       | 5 |  5.2
Dodging        | 5 |  5.2

Action                   |  1- 3 |  4- 6 |  7- 9 || total
-------------------------+-------+-------+-------++-------
Melee: Dagger            |   191 |   247 |       ||   438
       Bite              |    22 |    32 |     4 ||    58
       Punch             |       |     4 |       ||     4
       Dire flail        |       |    10 |    34 ||    44
  Use: Scroll            |     5 |     2 |       ||     7
       Potion            |       |       |     2 ||     2
 Stab: Sleeping          |     2 |     5 |     1 ||     8
Armor: Ring mail         |    60 |    77 |     9 ||   146
       Leather armour    |     1 |       |       ||     1
Dodge: Dodged            |   138 |   165 |    22 ||   325
